 Dungeon Crawl Stone Soup version 0.15.0-16-gce31824 (webtiles) character file.

769 MDvedh the Cleaver (level 7, -6/56 HPs)
             Began as a Hill Orc Death Knight on Sept 6, 2014.
             Was a Priest of Yredelemnul.
             Hit by a tomahawk thrown by an orc warrior (12 damage)
             ... on Level 7 of the Dungeon.
             The game lasted 00:08:20 (5324 turns).

MDvedh the Cleaver (Hill Orc Death Knight)          Turns: 5324, Time: 00:08:21

HP  -6/56        AC 13     Str 18      XL: 7   Next: 82%
MP  11/11        EV  6     Int 11      God: Yredelemnul [***...]
Gold 350         SH  0     Dex 12      Spells:  0 memorised,  6 levels left

rFire  . . .     SeeInvis .     a - +1 hand axe
rCold  . . .     Clarity  .     x - +0 storm dragon armour
rNeg   . . .     rCorr    .     (no shield)
rPois  .         rRot     .     (no helmet)
rElec  +         Spirit   .     o - +2 cloak
SustAb .         Warding  .     (no gloves)
rMut   .         Stasis   .     (no boots)
Gourm  .                        n - amulet of faith
MR     .....                    y - +2 ring of strength
                                (no ring)

@: not resistant to hostile enchantments, extremely unstealthy
A: no striking features
a: Animate Dead, Recall Undead Slaves, Injury Mirror, Renounce Religion


You were on level 7 of the Dungeon.
You worshipped Yredelemnul.
Yredelemnul was most pleased with you.
You were not hungry.

You visited 1 branch of the dungeon, and saw 7 of its levels.

You collected 350 gold pieces.

Inventory:

Hand weapons
 a - a +1 hand axe (weapon)
Armour
 m - a +0 chain mail
 o - a +2 cloak (worn)
 x - a +0 storm dragon armour (worn)
Magical devices
 A - a wand of magic darts (18) {unknown}
Comestibles
 c - 2 meat rations
 l - 4 bread rations
 q - a slice of pizza
 r - 2 beef jerkies
Scrolls
 e - 2 scrolls of teleportation {unknown}
 h - a scroll of amnesia {unknown}
 i - 3 scrolls of enchant armour
 j - 7 scrolls of identify
 k - 2 scrolls of random uselessness {unknown}
 p - a scroll of noise {unknown}
 s - a scroll of fear {unknown}
 u - 3 scrolls of remove curse
 w - 2 scrolls of blinking {unknown}
Jewellery
 f - an uncursed amulet of resist mutation {unknown}
 n - an amulet of faith (around neck)
 t - an uncursed ring of loudness
 y - a +2 ring of strength (right hand)
 C - an uncursed ring of positive energy {unknown}
Potions
 b - a potion of mutation {unknown}
 d - 4 potions of curing
 g - 3 potions of flight
 v - a potion of brilliance
 z - 2 potions of restore abilities {unknown}
 B - 2 potions of might {unknown}


   Skills:
 - Level 2.4 Fighting
 + Level 11.1 Axes
 - Level 1.1 Armour
 - Level 0.7 Dodging
 - Level 3.6 Invocations


You had 6 spell levels left.
You didn't know any spells.

Dungeon Overview and Level Annotations

Branches:
Dungeon (7/15)
 Temple: D:4-7

Altars:
Dithmenos
Kikubaaqudgha
Makhleb
Nemelex Xobeh
Okawaru
Sif Muna
Yredelemnul

Shops:
D:7 %


Message History

The orc warrior is heavily wounded.
The orc warrior hits you with a war axe.
Unknown command.
You barely miss the orc warrior.
The orc warrior is heavily wounded.
Unknown command.
The orc warrior throws a tomahawk.
The tomahawk hits you!
* * * LOW HITPOINT WARNING * * *
You see here 2 tomahawks.
Unknown command.
The orc warrior throws a tomahawk.
The tomahawk hits you but does no damage.
Things that are here:
a tomahawk; a giant gecko corpse Unknown command.
Unknown command.
There is a stone staircase leading up here.
The orc warrior throws a tomahawk.
The tomahawk hits you!
You die...
Your body rises from the dead as a mindless zombie. ##### ooC

###o#
##.###@#%#
#∩.....#(#
#......o.#
#.##...#.#
#..........
####.#.#.$...
#.#.#.#.#.#
#.#.#...# #
....#####


You could see an orc warrior.

Vanquished Creatures
  An orc warrior (D:6)
  An ogre (D:5)
  A giant frog (D:5)
  4 hounds
  An orc priest (D:7)
  2 crimson imps
  A centaur skeleton (D:5)
  A giant frog zombie (D:5)
  An iguana (D:6)
  4 worker ants
  An ogre skeleton (D:6)
  4 adders
  A giant mite (D:3)
  An iguana zombie (D:5)
  An adder zombie (D:6)
  3 orcs
  8 bats
  A bat skeleton (D:4)
  5 giant cockroaches
  13 hobgoblins
  2 quokkas (D:4)
  6 giant geckos
  5 giant newts
  10 goblins
  7 kobolds
  2 orc skeletons
  16 rats
103 creatures vanquished.

Notes
Turn   | Place    | Note
--------------------------------------------------------------
     0 | D:1      | MDvedh, the Hill Orc Death Knight, began the quest for the Orb.
     0 | D:1      | Reached XP level 1. HP: 18/18 MP: 2/2
   405 | D:1      | Reached XP level 2. HP: 23/25 MP: 4/4
   705 | D:1      | Reached skill level 4 in Axes
  1198 | D:2      | Reached XP level 3. HP: 25/30 MP: 5/5
  1478 | D:2      | Reached skill level 5 in Axes
  1490 | D:2      | Acquired Yredelemnul's second power
  1723 | D:3      | Found an ancient bone altar of Kikubaaqudgha.
  1957 | D:3      | Reached XP level 4. HP: 37/37 MP: 7/7
  2245 | D:4      | Reached skill level 6 in Axes
  2275 | D:4      | Reached XP level 5. HP: 35/42 MP: 8/8
  2423 | D:4      | Reached skill level 7 in Axes
  2935 | D:5      | Entered Level 5 of the Dungeon
  2978 | D:5      | Reached skill level 8 in Axes
  2978 | D:5      | Reached XP level 6. HP: 30/50 MP: 10/10
  3416 | D:5      | Acquired Yredelemnul's third power
  3985 | D:5      | Reached skill level 9 in Axes
  4010 | D:5      | Noticed an ogre
  4021 | D:5      | Killed an ogre
  4157 | D:6      | Reached XP level 7. HP: 51/56 MP: 11/11
  4623 | D:6      | Reached skill level 10 in Axes
  4839 | D:6      | Found a basalt altar of Yredelemnul.
  4839 | D:6      | Found a sparkling altar of Nemelex Xobeh.
  4840 | D:6      | Found a burning altar of Makhleb.
  4854 | D:6      | Found an iron altar of Okawaru.
  4858 | D:6      | Found a shadowy altar of Dithmenos.
  4858 | D:6      | Found a deep blue altar of Sif Muna.
  5267 | D:6      | Reached skill level 11 in Axes
  5301 | D:7      | Found Inir Foa's Food Shoppe.
  5316 | D:7      | Noticed a hill giant
  5324 | D:7      | Hit by a tomahawk thrown by an orc warrior

Action                   |  1- 3 |  4- 6 |  7- 9 || total
-------------------------+-------+-------+-------++-------
Melee: Hand axe          |   135 |   205 |   127 ||   467
Invok: Injury Mirror     |       |       |     1 ||     1
  Use: Scroll            |       |     8 |       ||     8
       Potion            |       |       |     2 ||     2
  Eat: Chunk             |     3 |     4 |       ||     7
       Royal jelly       |       |     1 |       ||     1
       Meat ration       |       |     1 |       ||     1
